 Dungeon Crawl Stone Soup version 0.23-a0-269-g65e0026 (webtiles) character file.

449 mhoghedin the Vandal (level 7, -2/36 HPs)
             Began as a Tengu Chaos Knight on Sept 30, 2018.
             Slain by an orc
             ... wielding a +0 flail
              (9 damage)
             ... on level 3 of the Dungeon.
             The game lasted 00:05:38 (2625 turns).

mhoghedin the Vandal (Tengu Chaos Knight)           Turns: 2625, Time: 00:05:40

Health: -2/36      AC:  5    Str: 14    XL:     7   Next: 4%
Magic:  17/17      EV: 12    Int: 13    God:    Xom [...*..]
Gold:   147        SH:  0    Dex: 13    Spells: 6/6 levels left

rFire    . . .     SeeInvis .   a - +0 falchion (chaos)
rCold    . . .     Gourm    .   (no shield)
rNeg     . . .     Faith    .   e - +2 leather armour
rPois    .         Spirit   .   (helmet restricted)
rElec    .         Reflect  .   (no cloak)
rCorr    .         Harm     .   (no gloves)
MR       +....                  (boots unavailable)
Stlth    +.........             (no amulet)
HPRegen  0.12/turn              g - ring of protection from magic {MR+, !d}
MPRegen  0.15/turn              h - ring of magical power {MP+9}

@: no status effects
A: beak, talons 3, blink, frail 1, able to fly 1
a: Fly, Blink, Renounce Religion


You were on level 3 of the Dungeon.
You worshipped Xom.
You were a favourite toy of Xom.
You were not hungry.

You visited 1 branch of the dungeon, and saw 3 of its levels.

You collected 147 gold pieces.

Inventory:

Hand Weapons
 a - a +0 falchion of chaos (weapon)
 b - a +1 hunting sling of chaos
   (You took it off a goblin on level 2 of the Dungeon)
Missiles
 k - 118 stones (quivered)
Armour
 e - a +2 leather armour (worn)
Jewellery
 f - an uncursed ring of positive energy {unknown}
   (You found it on level 3 of the Dungeon)
 g - a ring of protection from magic (left hand) {MR+, !d}
   (You found it on level 1 of the Dungeon)
 h - a ring of magical power (right hand) {MP+9}
   (You found it on level 1 of the Dungeon)
Potions
 d - a potion of curing
 m - 3 potions of flight
 n - 2 potions of degeneration {unknown}
Comestibles
 c - 4 rations
 i - 4 chunks of flesh {@w0}


   Skills:
 - Level 3.5 Fighting
 - Level 4.0 Long Blades
 + Level 5.5 Slings
 - Level 3.1 Armour
 - Level 2.3 Dodging


You had 6 spell levels left.
You didn't know any spells.
Your spell library was empty.

Dungeon Overview and Level Annotations

Branches:
Dungeon (3/15)

Altars:
Okawaru
Xom


Innate Abilities, Weirdness & Mutations

You have a beak for a mouth.
You have claws for feet.
You can fly.
You can translocate small distances at will.
You are frail. (-10% HP)


Message History

The helpless phantom fails to defend itself.
You hit the phantom. You burn the phantom. You claw the phantom.
You peck the phantom.
The helpless phantom fails to defend itself.
You hit the phantom but do no damage. You claw the phantom.
You peck the phantom.
The helpless phantom fails to defend itself.
You hit the phantom but do no damage.
The phantom flickers and vanishes!
Deactivating autopickup; reactivate with Ctrl-A.
You claw something.
Reactivating autopickup.
Your Slings skill increases to level 5!
You feel a bit more experienced.
Your +1 hunting sling of chaos is briefly surrounded by a scintillating aura of
b - a +1 hunting sling of chaos (weapon)
k - 124 stones (gained 22)
k - 127 stones (gained 3)
An orc and an orc wizard come into view.
The orc wizard is wielding a dagger of speed.
The orc shouts!
The orc wizard shouts!
The orc drinks a potion.
The orc suddenly seems more agile.
Firing (i - inventory)
k - 127 stones (quivered)
Aim: an orc wizard, wielding a dagger of speed and wearing a robe You shoot a stone.
The stone barely misses the orc wizard.
The orc wizard casts a cantrip, but nothing happens.
Firing (i - inventory)
k - 126 stones (quivered)
Aim: an orc wizard, wielding a dagger of speed and wearing a robe You shoot a stone.
The stone hits the orc wizard but does no damage.
The orc wizard casts a spell at you. The magic dart hits you!
You take 10 damage, and have 21/33 hp.
MASSIVE DAMAGE!!
Firing (i - inventory)
k - 125 stones (quivered)
Aim: an orc wizard, wielding a dagger of speed and wearing a robe You shoot a stone.
The stone hits the orc.
The stone burns the orc.
Firing (i - inventory)
k - 124 stones (quivered)
Aim: an orc, wielding a trident and wearing a robe (severely wounded, unusually You shoot a stone.
The stone hits the orc.
You kill the orc!
Firing (i - inventory)
k - 123 stones (quivered)
Aim: an orc wizard, wielding a dagger of speed and wearing a robe You shoot a stone.
The stone barely misses the orc wizard.
The orc wizard casts a spell at you. The magic dart hits you!
You are too injured to fight recklessly!
You take 4 damage, and have 17/33 hp.
You are too injured to fight recklessly!
You are too injured to fight recklessly!
Unknown command.
You are too injured to fight recklessly!
Firing (i - inventory)
k - 122 stones (quivered)
Aim: an orc wizard, wielding a dagger of speed and wearing a robe You shoot a stone.
The stone hits the orc wizard.
The stone burns the orc wizard.
Firing (i - inventory)
k - 121 stones (quivered)
Aim: an orc wizard, wielding a dagger of speed and wearing a robe (lightly You shoot a stone.
The stone closely misses the orc wizard.
Firing (i - inventory)
k - 120 stones (quivered)
Aim: an orc wizard, wielding a dagger of speed and wearing a robe (lightly You shoot a stone.
The stone hits the orc wizard.
The orc wizard goes berserk!
You hear a shout!
Firing (i - inventory)
k - 119 stones (quivered)
Aim: an orc wizard, wielding a dagger of speed and wearing a robe (moderately You shoot a stone.
The stone hits the orc wizard.
The orc wizard appears confused.
An orc comes into view. It is wielding a flail.
Your +0 falchion of chaos is briefly surrounded by a scintillating aura of
a - a +0 falchion of chaos (weapon)
You hit the orc wizard.
The orc wizard is poisoned.
Your peck misses the orc wizard.
The orc wizard hits you with a dagger of speed.
The orc wizard hits you with a dagger of speed!
* * * LOW HITPOINT WARNING * * *
You take 13 damage, and have 4/33 hp.
MASSIVE DAMAGE!!
You hit the orc wizard but do no damage.
You claw the orc wizard, but do no damage.
The orc wizard barely misses you.
You hear a shout!
You hear a shout!
You hear a shout!
You hear a shout!
You have reached level 7!
You feel a bit more experienced.
MP restored: 17 You start resting.
The orc is too close now for your liking.
Unknown command.
You hit the orc. You burn the orc. The orc closely misses you.
You hit the orc but do no damage. Your kick misses the orc.
The orc closely misses you.
You hit the orc.
The orc flickers and vanishes!
Deactivating autopickup; reactivate with Ctrl-A.
Your kick misses something. Your peck misses something. Something hits you!
You die...
Xom yawns loudly!

((...#####.# (..(o.(....#
#########..# ####..#
#.....##### ########
#.#.......# #......##
.......####.# #.......#
#.#.......#.####..###..###
#.#..#....{@......<.....
......#..#.####..###..#
#.#.#.##..#.# #..†....#
#.#.#.... ..# ##.).)..# .
......### ######## ####.#
#. . #


There were no monsters in sight!

Vanquished Creatures
  Grinder (D:3)
  A phantom (D:3)
  An orc wizard (D:3)
  Robin (D:2)
  4 adders
  A worm (D:3)
  3 dart slugs (D:1)
  3 leopard geckos
  7 orcs
  2 giant cockroaches
  17 goblins
  13 hobgoblins
  3 jackals (D:2)
  A quokka (D:3)
  A ball python (D:2)
  5 bats
  3 frilled lizards (D:2)
  8 kobolds
  9 rats
84 creatures vanquished.

Notes
Turn   | Place    | Note
-------+----------+-------------------------------------------
     0 | D:1      | mhoghedin the Tengu Chaos Knight began the quest for the
                  | Orb.
     0 | D:1      | Reached XP level 1. HP: 14/14 MP: 2/2
   105 | D:1      | XOM: harmless Chrm miscast
   419 | D:1      | Reached XP level 2. HP: 19/19 MP: 3/3
   872 | D:1      | Reached XP level 3. HP: 23/23 MP: 4/4
   967 | D:1      | XOM: smoke on damage
  1401 | D:2      | Reached skill level 2 in Dodging
  1417 | D:2      | XOM: scenery: create altars
  1418 | D:2      | XOM: snakes to sticks
  1469 | D:2      | XOM: divination: detect items
  1537 | D:2      | Noticed Robin
  1562 | D:2      | Reached XP level 4. HP: 15/28 MP: 5/5
  1597 | D:2      | Reached skill level 3 in Armour
  1609 | D:2      | Reached skill level 4 in Long Blades
  1612 | D:2      | Killed Robin
  1613 | D:2      | XOM: chaos upgrade
  1728 | D:2      | Found an iron altar of Okawaru.
  1736 | D:2      | Reached skill level 1 in Slings
  1826 | D:2      | XOM: give mutations
  1826 | D:2      | Gained mutation: You are frail. (-10% HP) [Xom's mischief]
  1826 | D:2      | Gained mutation: You can translocate small distances at
                  | will. [Xom's mischief]
  1826 | D:2      | Gained mutation: You are weak. (Str -2) [Xom's mischief]
  1826 | D:2      | Lost mutation: You are weak. (Str -2) [Xom's mischief]
  1954 | D:2      | Gained mutation: You can fly. [Tengu growth]
  1954 | D:2      | Reached XP level 5. HP: 28/28 MP: 6/6
  2167 | D:3      | Reached skill level 2 in Slings
  2245 | D:3      | Noticed Grinder
  2255 | D:3      | XOM: butterfly on damage
  2274 | D:3      | HP: 4/28 [something (6)]
  2279 | D:3      | Killed Grinder
  2279 | D:3      | Reached skill level 4 in Slings
  2279 | D:3      | Reached XP level 6. HP: 4/33 MP: 7/7
  2572 | D:3      | Noticed a phantom
  2581 | D:3      | Killed a phantom
  2581 | D:3      | Reached skill level 5 in Slings
  2598 | D:3      | HP: 4/33 [orc wizard/dagger of speed (9)]
  2608 | D:3      | Reached XP level 7. HP: 5/36 MP: 8/8
  2625 | D:3      | Slain by an orc

Vault maps used:
D:1:      minmay_arrival_solitary_statue, serial_forest,
          infiniplex_forest_end_2, infiniplex_forest_clump_curved,
          infiniplex_forest_lined_corner, infiniplex_forest_end_3,
          infiniplex_forest_split, infiniplex_forest_lined_3,
          infiniplex_forest_zigzag_1, infiniplex_forest_clump_tiny,
          roderic_lattice_a, minmay_tetromino_t2
D:2:      corexii_shack, okawaru_gym_becter, uniq_robin
D:3:      chequers_ecumenical_altar_lobes, uniq_grinder, uniq_sigmund,
          uniq_terence

Skill      XL: |  1  2  3  4  5  6 |
---------------+-------------------+-----
Dodging        | 2 |  2.3
Armour         | 3 |  3.1
Long Blades    | 4 |  4.0
Slings         | 1 4 5 |  5.5
Fighting       | |  3.5

Action                   |  1- 3 |  4- 6 |  7- 9 || total
-------------------------+-------+-------+-------++-------
Melee: Falchion          |    76 |    56 |     3 ||   135
       Kick              |    18 |    17 |       ||    35
       Peck              |    10 |     7 |       ||    17
 Fire: Hunting sling     |       |    65 |       ||    65
  Use: Potion            |     1 |     1 |       ||     2
       Scroll            |     1 |     3 |       ||     4
 Stab: Sleeping          |     2 |       |       ||     2
       Paralysed         |     2 |     5 |       ||     7
       Petrified         |       |     4 |       ||     4
  Eat: Ration            |     1 |     1 |       ||     2
       Chunk             |       |     1 |       ||     1
Armor: Leather armour    |    29 |    29 |       ||    58
Dodge: Dodged            |    41 |    49 |     2 ||    92
       Rpst.: Falchion   |    14 |    12 |       ||    26

Table legend:
 A = Non-vault XP
 B = Vault XP
 C = Vault XP percentage of total XP
 D = Non-vault monster count
 E = Vault monster count
 F = Vault count percentage of total count
                 A         B        C        D         E       F
            +---------+---------+-------+---------+---------+-------
      Total |     331 |     311 |  48.4 |      68 |      16 |  19.0
            +---------+---------+-------+---------+---------+-------
        D:1 |      44 |       1 |   2.2 |      24 |       1 |   4.0
        D:2 |      86 |      38 |  30.6 |      29 |      14 |  32.6
        D:3 |     201 |     272 |  57.5 |      15 |       1 |   6.2
            +---------+---------+-------+---------+---------+-------

Vault maps used:
D:1:      minmay_arrival_solitary_statue, serial_forest,
          infiniplex_forest_end_2, infiniplex_forest_clump_curved,
          infiniplex_forest_lined_corner, infiniplex_forest_end_3,
          infiniplex_forest_split, infiniplex_forest_lined_3,
          infiniplex_forest_zigzag_1, infiniplex_forest_clump_tiny,
          roderic_lattice_a, minmay_tetromino_t2
D:2:      corexii_shack, okawaru_gym_becter, uniq_robin
D:3:      chequers_ecumenical_altar_lobes, uniq_grinder, uniq_sigmund,
          uniq_terence

Table legend:
 A = Turns spent in this place as a percentage of turns spent in the entire game.
 B = Non-inter-level travel turns spent in this place as a percentage of non-inter-level travel turns spent in the entire game.
 C = Inter-level travel turns spent in this place as a percentage of turns spent in this place.
 D = Turns resting spent in this place as a percentage of non-inter-level travel turns spent in this place.
 E = Turns spent auto-exploring this place as a percentage of non-inter-level travel turns spent in this place.
 F = Non-inter-level travel turns spent in this place divided by the number of levels of this place that you've seen.
                   A       B       C       D       E      F
               +-------+-------+-------+-------+-------+----------------------
         Total | 100.0 | 100.0 |   1.8 |  27.0 |  52.1 | 859.3
       Dungeon | 100.0 | 100.0 |   1.8 |  27.0 |  52.1 | 859.3
               +-------+-------+-------+-------+-------+----------------------

Table legend:
 A = Kills in this place as a percentage of kills in entire the game.
 B = Kills by you in this place as a percentage of kills by you in the entire game.
 C = Kills by friends in this place as a percentage of kills by friends in the entire game.
 D = Other kills in this place as a percentage of other kills in the entire game.
 E = Experience gained in this place as a percentage of experience gained in the entire game.
 F = Experience gained in this place divided by the number of levels of this place that you have seen.
                   A       B       C       D       E      F
               +-------+-------+-------+-------+-------+----------------------
         Total | 100.0 | 100.0 |   N/A |   N/A | 100.0 | 214.0
       Dungeon | 100.0 | 100.0 |   N/A |   N/A | 100.0 | 214.0
               +-------+-------+-------+-------+-------+----------------------
